Map: [ESL] Blackburn

Players

Dark - Winner!

  • Race: Zerg Zerg

SpeCial

  • Race: Terran Terran

Event: IEM Katowice 2022

VOD

Have the link to the VOD?

Description

Time

  • Played on: Feb. 24, 2022, 1:20 p.m.
  • Length: 15:34

All games in this series

Show
View Real Time Build Order
Export as new Build Order

Dark Zerg - Winner!

Build Orders: Hatch First, Lurkers 

Get SALT Encoding   

  12  0:00  Drone  
  13  0:12  Overlord  
  13  0:17  Drone  
  14  0:31  Drone x2  
  16  0:49  Hatchery  
  15  0:52  Drone  
  15  0:55  Drone  
  17  1:00  Drone  
  18  1:08  Extractor  
  17  1:15  Spawning Pool  
  16  1:18  Drone  
  16  1:22  Drone  
  18  1:31  Drone  
  19  1:39  Drone  
  20  1:50  Drone  
  21  2:02  Queen x2  
  21  2:03  Zergling x4  
  27  2:13  Zergling x2  
  28  2:17  Overlord  
  28  2:26  Hatchery  
  27  2:30  Drone  
  28  2:37  Drone x3  
  31  2:44  Queen  
  31  2:47  Drone  
  34  2:53  Overlord  
  34  2:55  Drone  
  35  3:00  Drone  
  36  3:12  Drone x4  
  40  3:13  Drone  
  40  3:16  Roach Warren  
  40  3:17  Drone  
  41  3:20  Drone  
  41  3:25  Queen  
  44  3:30  Extractor  
  44  3:31  Drone  
  44  3:39  Drone x4  
  48  3:44  Drone x2  
  48  3:45  Overlord  
  50  3:53  Overlord  
  50  4:04  Roach x4  
  58  4:11  Roach x3  
  58  4:14  Roach  
  58  4:16  Lair  
  66  4:18  Overlord  
  66  4:39  Drone x8  
  66  4:42  Drone x2  
  66  4:43  Overlord  
  71  4:47  Overlord  
  71  4:57  Overlord  
  68  5:05  Drone  
  68  5:06  Drone  
  67  5:09  Drone  
  67  5:12  Drone  
  68  5:15  Ravager  
  68  5:16  Drone x2  
  68  5:17  Drone  
  72  5:23  Drone  
  72  5:25  Ravager x3  
  72  5:26  Drone x3  
  72  5:27  Drone  
  80  5:31  Drone x2  
  82  5:36  Drone  
  78  5:44  Drone x2  
  79  5:53  Drone x3, Extractor  
  79  5:54  Extractor  
  80  5:58  Drone  
  80  6:00  Drone  
  80  6:02  Glial Reconstitution  
  80  6:03  Drone  
  83  6:05  Extractor x2  
  83  6:06  Evolution Chamber  
  83  6:08  Evolution Chamber  
  83  6:09  Drone  
  80  6:13  Drone x2  
  80  6:15  Hatchery  
  80  6:16  Queen  
  83  6:20  Drone x4  
  87  6:27  Infestation Pit, Drone x4  
  87  6:29  Drone x4  
  94  6:33  Zerg Ground Armor Level 1  
  94  6:39  Zerg Missile Weapons Level 1  
  94  6:46  Roach x2  
  98  6:50  Roach  
  98  6:51  Overlord  
  97  6:55  Overlord  
  97  6:57  Overlord  
  97  6:59  Overlord  
  97  7:00  Overlord x2  
  97  7:07  Overlord  
  97  7:11  Overlord  
  97  7:13  Overlord  
  97  7:14  Infestor x3  
  103  7:16  Roach x3  
  109  7:25  Roach x5  
  109  7:28  Drone x3  
  120  7:31  Roach x2  
  120  7:34  Drone x2  
  126  7:37  Roach x2  
  126  7:40  Roach x2  
  126  7:43  Drone, Extractor x2  
  133  7:48  Roach x3  
  133  7:50  Ravager x2  
  141  7:51  Drone x2  
  141  7:54  Drone x2  
  144  7:58  Hive  
  144  8:03  Hydralisk Den  
  143  8:09  Zergling x16  
  143  8:12  Metabolic Boost  
  151  8:19  Overlord  
  151  8:23  Zergling x16  
  159  8:29  Roach x3  
  159  8:32  Ravager  
  159  8:33  Zerg Missile Weapons Level 2  
  159  8:38  Zerg Ground Armor Level 2  
  155  8:44  Roach x4  
  156  8:49  Roach x3  
  156  8:50  Ravager  
  156  8:51  Ravager  
  164  8:56  Zergling x10  
  168  9:03  Roach x2, Lurker Den  
  168  9:11  Overlord x2  
  168  9:12  Zergling x10  
  173  9:21  Roach  
  173  9:22  Overlord  
  173  9:23  Overlord  
  175  9:26  Overlord x2  
  175  9:35  Roach x5  
  175  9:38  Viper x2  
  189  9:50  Hydralisk x2  
  191  9:56  Zergling x22  
  187  10:05  Roach x6  
  176  10:07  Ravager  
  176  10:08  Ravager  
  174  10:19  Zergling x20  
  147  10:25  Roach x3  
  125  10:28  Roach x2  
  125  10:30  Roach  
  125  10:34  Roach  
  123  10:35  Roach x2  
  123  10:39  Roach x2  
  121  10:43  Seismic Spines  
  121  10:47  Roach  
  121  10:48  Roach  
  119  10:51  Roach x2  
  119  10:52  Roach  
  119  10:54  Lurker  
  119  10:56  Ravager  
  119  10:57  Ravager x4  
  130  11:01  Roach x3  
  130  11:02  Ravager  
  137  11:06  Roach  
  133  11:14  Roach  
  127  11:20  Roach, Ravager x6  
  127  11:21  Roach x4  
  127  11:22  Roach  
  127  11:23  Roach  
  141  11:26  Hydralisk  
  141  11:28  Drone x2  
  144  11:35  Drone  
  131  11:40  Hydralisk x2, Adaptive Talons  
  132  11:55  Hydralisk x2, Lurker  
  132  11:56  Hydralisk, Viper  
  132  11:59  Zergling x14  
  148  12:06  Lurker x2  
  148  12:07  Zerg Missile Weapons Level 3  
  150  12:17  Hydralisk x2  
  150  12:21  Viper  
  154  12:27  Lurker, Ravager x2  
  154  12:30  Drone x5  
  154  12:36  Nydus Network  
  156  12:39  Lurker  
  156  12:41  Zergling x4  
  156  12:42  Zergling x14  
  166  12:50  Lurker  
  166  12:51  Lurker  
  166  12:52  Drone x2  
  168  13:04  Hydralisk x3  
  174  13:06  Zergling x12  
  174  13:12  Lurker  
  180  13:15  Hydralisk x2  
  180  13:17  Hatchery  
  180  13:18  Overseer  
  178  13:35  Hydralisk x2  
  178  13:36  Hydralisk  
  178  13:37  Lurker  
  178  13:38  Lurker x2  
  178  13:41  Zergling x14  
  189  14:01  Hydralisk x2  
  181  14:05  Lurker x2  
  181  14:11  Hydralisk, Nydus Canal  
  181  14:15  Extractor  
  182  14:18  Lurker  
  182  14:20  Hydralisk x2  
  182  14:22  Hatchery  
  183  14:26  Hydralisk  
  183  14:28  Lurker x2  
  183  14:30  Lurker  
  172  14:35  Drone x4  
  172  14:37  Nydus Canal  
  171  14:41  Drone x3  
  173  14:48  Hydralisk x4  
  173  14:50  Zergling x2  
  173  14:51  Zergling x4  
  183  14:53  Extractor  
  183  14:55  Nydus Canal  
  183  14:59  Zergling x2  
  168  15:09  Drone x3, Lurker  
  168  15:10  Drone  
  168  15:12  Lurker  
  176  15:22  Lurker  
Show
View Real Time Build Order
Export as new Build Order

SpeCial Terran 

Build Orders: Liberator Opening, Reaper Expand 

Get SALT Encoding   

  12  0:00  SCV  
  13  0:12  SCV  
  14  0:17  Supply Depot  
  14  0:24  SCV  
  15  0:38  SCV  
  15  0:40  Barracks  
  16  0:44  Refinery  
  16  0:51  SCV  
  17  1:03  SCV  
  18  1:15  SCV  
  19  1:27  Orbital Command  
  19  1:28  Reaper  
  20  1:40  Command Center  
  20  1:51  Supply Depot  
  20  1:53  SCV  
  21  1:59  Marine  
  22  2:05  SCV  
  23  2:08  Factory  
  23  2:17  SCV  
  23  2:21  Refinery  
  24  2:23  Barracks Reactor  
  24  2:29  SCV  
  25  2:41  SCV  
  26  2:52  Orbital Command  
  26  2:53  SCV  
  26  2:54  Starport  
  27  3:03  Hellion x2  
  31  3:05  SCV  
  31  3:09  Marine  
  33  3:17  Supply Depot  
  33  3:18  SCV x2  
  35  3:24  Hellion  
  35  3:25  Hellion  
  39  3:30  SCV x2  
  39  3:34  Liberator  
  44  3:38  Barracks Tech Lab  
  44  3:43  Supply Depot  
  44  3:44  SCV x2  
  46  3:49  Hellion x2  
  50  3:56  SCV  
  50  3:58  Stimpack  
  50  4:02  SCV  
  52  4:08  SCV  
  53  4:15  Command Center  
  53  4:16  SCV  
  54  4:20  SCV  
  54  4:23  Supply Depot  
  55  4:28  SCV, Factory Tech Lab  
  55  4:30  Marine  
  57  4:32  SCV  
  57  4:33  Bunker  
  58  4:40  SCV  
  58  4:44  SCV  
  55  4:48  Barracks  
  55  4:50  Siege Tank  
  55  4:51  Barracks  
  55  4:52  SCV, Marine  
  60  4:56  SCV  
  59  5:04  SCV  
  58  5:07  Medivac  
  58  5:08  SCV  
  58  5:09  Marine  
  61  5:16  SCV  
  61  5:20  SCV  
  61  5:27  Marine  
  61  5:28  SCV, Orbital Command  
  64  5:33  SCV  
  64  5:34  Refinery  
  66  5:36  Siege Tank  
  66  5:39  Refinery  
  66  5:41  SCV  
  67  5:43  Marine x2  
  67  5:44  Barracks Reactor  
  67  5:45  SCV, Marine  
  67  5:48  Engineering Bay, Medivac  
  70  5:50  Engineering Bay  
  70  5:53  SCV, Orbital Command  
  70  5:56  Combat Shield  
  71  5:57  SCV, Orbital Command  
  71  6:03  Marine  
  73  6:05  SCV  
  73  6:06  Marine x2  
  73  6:09  SCV  
  73  6:10  Barracks  
  77  6:11  Barracks  
  77  6:12  Siege Tank  
  77  6:17  SCV  
  77  6:18  Supply Depot  
  81  6:19  Supply Depot  
  81  6:20  Terran Infantry Weapons Level 1  
  81  6:21  Marauder  
  81  6:23  SCV  
  81  6:25  SCV  
  85  6:36  Terran Infantry Armor Level 1  
  85  6:37  Starport Reactor  
  85  6:39  Marine x4  
  92  6:40  SCV x3  
  92  6:42  Marine  
  91  6:51  Barracks x3  
  91  6:52  SCV  
  91  6:56  Siege Tank  
  91  6:57  Marine x4  
  91  7:00  Marauder  
  101  7:02  Supply Depot  
  101  7:03  Refinery  
  101  7:04  Supply Depot  
  101  7:12  SCV, Barracks Tech Lab x2  
  101  7:18  Marine x2, Concussive Shells  
  101  7:19  SCV x2, Marine x2  
  101  7:22  Marauder  
  109  7:24  SCV  
  109  7:26  Medivac  
  109  7:27  Supply Depot, Medivac  
  113  7:30  Marine  
  113  7:31  SCV x2, Marauder  
  113  7:36  Marine  
  119  7:37  Armory  
  119  7:40  Supply Depot  
  119  7:41  Marine  
  119  7:42  Marine x2  
  119  7:43  Marauder  
  124  7:44  Barracks Reactor, Barracks Tech Lab, Marine  
  124  7:48  Siege Tank  
  124  7:49  Marauder  
  129  7:52  Marauder  
  129  7:54  Marine  
  129  7:56  Medivac  
  129  7:57  Supply Depot  
  133  8:05  Barracks Reactor  
  133  8:09  Missile Turret, Marine x2  
  133  8:10  Supply Depot x2, Marauder, Marine x2  
  139  8:17  Marauder  
  139  8:18  Marine x2  
  143  8:20  Siege Tank  
  143  8:21  Marine x2  
  143  8:25  Terran Infantry Weapons Level 2  
  148  8:27  Marine  
  144  8:34  Marauder  
  144  8:35  Medivac  
  144  8:36  Marauder  
  144  8:37  Marine, Marauder  
  144  8:39  Marauder  
  149  8:43  Marine  
  149  8:49  Medivac  
  149  8:55  Marauder  
  153  8:56  Marine x2  
  153  8:57  Marine  
  153  8:58  Marine x5, Marauder  
  153  9:02  Terran Infantry Armor Level 2  
  163  9:08  Marine x2  
  162  9:14  Marine x2  
  162  9:15  Marine, Sensor Tower  
  162  9:16  Supply Depot  
  165  9:17  Supply Depot  
  165  9:19  Marine x3, Siege Tank  
  165  9:21  Marine  
  172  9:25  Marine  
  172  9:30  Marine  
  173  9:36  Marine x3, Marauder  
  173  9:37  Marine x2  
  173  9:38  Marauder  
  177  9:43  Marine x2, Marauder  
  181  9:51  Missile Turret, Siege Tank  
  183  9:56  Liberator  
  183  9:57  Liberator  
  178  10:00  Marine, Marauder  
  178  10:07  Marine, Marauder  
  168  10:11  Marine, Marauder  
  172  10:20  Marine  
  172  10:21  Marine x3, Marauder  
  137  10:23  Siege Tank  
  137  10:24  Marine, Marauder  
  128  10:30  Marine, Marauder  
  128  10:33  Marauder  
  128  10:34  Marine  
  130  10:36  Marine  
  130  10:39  Liberator  
  130  10:40  Marine  
  128  10:42  Marauder  
  128  10:46  Marauder  
  128  10:47  Marine  
  128  10:49  Marine x2  
  124  10:52  Marauder  
  124  10:54  Marauder, Marine  
  129  10:57  Siege Tank  
  129  11:04  Marauder  
  134  11:07  Marauder  
  134  11:13  Marine x2, Marauder  
  134  11:14  Marine x2  
  134  11:16  Marauder  
  130  11:22  Marine  
  130  11:25  Marauder  
  134  11:27  Medivac x2  
  134  11:28  Marauder  
  131  11:35  Marauder  
  131  11:38  Marine, Marauder  
  121  11:41  Marine x2  
  121  11:43  Marine  
  121  11:45  Siege Tank  
  121  11:46  Marine x2  
  121  11:47  Marauder  
  116  11:50  Marauder  
  116  11:53  Marine  
  119  11:56  Marauder  
  119  11:59  Marauder, Terran Infantry Weapons Level 3  
  123  12:07  Marine x3  
  123  12:08  Marine x2, Marauder  
  130  12:10  Marine  
  130  12:11  Marauder  
  130  12:12  Marine  
  134  12:17  Marauder, Siege Tank  
  134  12:18  Medivac  
  134  12:21  Marauder  
  141  12:25  Marine  
  141  12:26  Marine x4  
  141  12:29  Marine x2, Marauder  
  144  12:30  Marine, Medivac  
  144  12:32  Marauder  
  149  12:39  Marauder  
  149  12:42  Marauder  
  149  12:43  Marine x2  
  149  12:44  Marine  
  156  12:47  Marine  
  156  12:50  Marine x4  
  156  12:51  Marauder, Medivac  
  156  12:54  Marauder  
  160  12:59  Siege Tank  
  160  13:00  Marauder, Medivac  
  160  13:03  Marine x2  
  160  13:04  Marine, Marauder  
  160  13:05  Marine  
  173  13:08  Marine  
  173  13:12  Marauder  
  175  13:14  Marine  
  175  13:15  Marauder  
  178  13:21  Marauder  
  178  13:23  Marine  
  178  13:25  Marauder  
  183  13:33  Marauder  
  185  13:37  Marauder  
  185  13:39  Ghost Academy  
  187  13:46  Medivac  
  187  13:48  Medivac  
  187  13:54  Orbital Command  
  183  13:59  Marine  
  183  14:00  Marauder x2  
  152  14:03  Marine  
  152  14:04  Marauder  
  152  14:06  Marine x2, Marauder  
  152  14:08  Siege Tank  
  152  14:09  Marine x2  
  147  14:11  Marine x2  
  149  14:21  Marauder  
  149  14:22  Marauder  
  153  14:24  Marine  
  153  14:25  Marauder  
  154  14:35  Ghost  
  154  14:36  Marine  
  156  14:41  Marine  
  156  14:42  Ghost  
  156  14:44  Ghost  
  156  14:45  Marine x3  
  158  14:50  Marine  
  160  14:58  Marauder  
  156  15:04  Marine  
  156  15:06  Marine  
  156  15:07  Marine  
  154  15:11  Marine x2  
  156  15:14  SCV x3  

Tags
 
Add a new tag
Caveats
  • Supply blocks, unpowered buildings, or Contaminate may cause inaccurate times.
  • Supply counts are checked every 10 seconds.